 Dungeon Crawl Stone Soup version 0.25-a0-510-ge065f6de7d (webtiles) character file.

Game seed: 4965477403385191999, levelgen mode: deterministic

30 Roikka the Caller (level 3, 0/19 HPs)
             Began as a Kobold Summoner on Feb 15, 2020.
             Succumbed to an adder's poison
             ... on level 1 of the Dungeon.
             The game lasted 00:05:41 (1515 turns).

Roikka the Caller (Kobold Summoner)                 Turns: 1515, Time: 00:05:42

Health: 0/19       AC:  3    Str:  5    XL:     3   Next: 35%
Magic:  2/6        EV: 15    Int: 16    God:
Gold:   52         SH:  0    Dex: 16    Spells: 4/7 levels left

rFire    . . .     SeeInvis .   e - +0 dagger
rCold    . . .     Gourm    .   (shield restricted)
rNeg     . . .     Faith    .   a - +0 robe
rPois    .         Spirit   .   (no helmet)
rElec    .         Reflect  .   (no cloak)
rCorr    .         Harm     .   i - +0 pair of gloves
MR       .....                  (no boots)
Stlth    +++.......             (no amulet)
HPRegen  0.06/turn              (no ring)
MPRegen  0.10/turn              (no ring)

@: lethally poisoned (0 -> -5), berserk cooldown, flying
A: small, carnivore
a: no special abilities


You were on level 1 of the Dungeon.
You were completely stuffed.

You visited 1 branch of the dungeon, and saw 2 of its levels.

You collected 52 gold pieces.

Inventory:

Hand Weapons
 e - a +0 dagger (weapon)
Armour
 a - a +0 robe (worn)
 i - a +0 pair of gloves (worn)
Jewellery
 l - a +2 ring of strength {unknown}
Scrolls
 f - a scroll of teleportation {unknown}
 h - a scroll of fear {unknown}
 j - a scroll of noise {unknown}
 k - 2 scrolls of identify {unknown}
Comestibles
 c - 4 rations


   Skills:
 + Level 1.5 Short Blades
 - Level 2.4 Dodging
 + Level 3.4 Stealth
 + Level 2.6 Spellcasting
 + Level 4.2 Summonings


You had 4 spell levels left.
You knew the following spells:

 Your Spells              Type           Power        Failure   Level  Hunger
a - Summon Small Mammal   Summ           ###.         3%          1    #......
b - Call Imp              Summ           ###.....     5%          2    ##.....

Your spell library contained the following spells:

 Spells                   Type           Power        Failure   Level  Hunger
 Call Canine Familiar     Summ           ###.....     11%         3    ###....
 Summon Guardian Golem    Hex/Summ       #.......     24%         3    ###....
 Summon Ice Beast         Ice/Summ       #.......     63%         4    #####..
 Summon Lightning Spire   Summ/Air       #.......     63%         4    #####..


Dungeon Overview and Level Annotations

Branches:
Dungeon (2/15)

Altars:


Innate Abilities, Weirdness & Mutations

You are small and have problems with some larger weapons.
You are carnivorous and can eat meat at any time.


Message History

The adder dies!
There is a stone staircase leading down here.
You feel your anger nearly subside.
You are no longer berserk.
You are exhausted.
You feel yourself slow down.
* * * LOW HITPOINT WARNING * * *
You feel sick.
You see here an adder corpse.
It was a potion of cancellation.
Your magical effects are unravelling.
You feel magically purged.
You feel yourself speed up.
It was a potion of flight.
You feel very buoyant.
You fly up into the air.
* * * LOW HITPOINT WARNING * * *
You feel sick.
* * * LOW HITPOINT WARNING * * *
You feel sick.
You die...

.#######..#.#....##..........##.#
..........#.#...###..........##.#
..#######...#...# #..........##.#
..# ##..##### #..........##.# ..#
#..#########'##.######.# ..#
#.......# #.##.# #...#
..#########......# #.##.# ###.#
......÷....>..5..####.##.# #.#
......÷.....†.5.@...#.##.# #.#
.............r......#.##.# #.#
...............#....#.##'######.#
#+#######+####.#.............##.#
#.#.#####.####.#.............##.#
..#.......#....#.............##.#
###.......######.###.........##.#
'.................##.........##.#
###.############..######'######.#


You could see 2 friendly crimson imps and a friendly quokka.

Vanquished Creatures
  A dart slug (D:1)
  A leopard gecko (D:1)
  2 goblins (D:2)
  2 kobolds (D:1)
  2 rats (D:1)
8 creatures vanquished.

Vanquished Creatures (collateral kills)
  2 adders
  A dart slug (D:1)
  2 giant cockroaches (D:1)
  A goblin (D:1)
  A hobgoblin (D:1)
  A ball python (D:2)
  3 bats
  2 frilled lizards (D:1)
  2 rats (D:1)
15 creatures vanquished.

Grand Total: 23 creatures vanquished

Notes
Turn   | Place    | Note
-------+----------+-------------------------------------------
     0 | D:1      | Roikka the Kobold Summoner began the quest for the Orb.
     0 | D:1      | Reached XP level 1. HP: 10/10 MP: 3/3
   549 | D:1      | Reached XP level 2. HP: 15/15 MP: 3/5
   553 | D:1      | Learned a level 2 spell: Call Imp
   975 | D:1      | Reached skill level 1 in Short Blades
  1421 | D:2      | Reached XP level 3. HP: 19/19 MP: 1/6
  1515 | D:1      | Succumbed to an adder's poison

Levels and vault maps discovered:
D:1:      onia_arrival_mini_spirals, layout_basic
D:2:      layout_rooms

Skill      XL: |  1  2 |
---------------+-------+-----
Stealth        | 3 |  3.4
Short Blades   | 1 |  1.5
Dodging        | |  2.4
Spellcasting   | |  2.6
Summonings     | |  4.2

Action                   || total
-------------------------++-------
Melee: Dagger            ||    56
       Unarmed           ||    10
 Cast: Summon Small Mamm ||    22
       Call Imp          ||     7
  Use: Potion            ||     3
 Stab: Sleeping          ||     3
  Eat: Chunk             ||    11
Armor: Robe              ||    21
Dodge: Dodged            ||    95

Table legend:
 A = Non-vault XP
 B = Vault XP
 C = Vault XP percentage of total XP
 D = Non-vault monster count
 E = Vault monster count
 F = Vault count percentage of total count
                 A         B        C        D         E       F
            +---------+---------+-------+---------+---------+-------
      Total |      43 |       0 |   0.0 |      23 |       0 |   0.0
            +---------+---------+-------+---------+---------+-------
        D:1 |      30 |       0 |   0.0 |      18 |       0 |   0.0
        D:2 |      13 |       0 |   0.0 |       5 |       0 |   0.0
            +---------+---------+-------+---------+---------+-------
